 Dungeon Crawl Stone Soup version 0.18-a0-917-g8a3da5b (webtiles) character file.

31824 st0uf the Grappler (level 13, -3/131 HPs)
             Began as a Troll Monk on Dec 26, 2015.
             Was the Champion of Makhleb.
             Slain by a human (7 damage)
             ... on level 13 of the Dungeon.
             The game lasted 01:29:21 (12506 turns).

st0uf the Grappler (Troll Monk)                    Turns: 12506, Time: 01:29:23

Health: -3/131     AC: 15    Str: 26    XL:     13   Next: 28%
Magic:  18/18      EV: 14    Int:  6    God:    Makhleb [******]
Gold:   789        SH:  4    Dex: 12    Spells: 0 memorised, 12 levels left

rFire  . . .     SeeInvis +       - Unarmed
rCold  . . .     Gourm    +     g - +3 troll leather armour
rNeg   . . .     Faith    .     (no shield)
rPois  .         Spirit   .     (helmet restricted)
rElec  .         Dismiss  .     W - +1 cloak
rCorr  .         Reflect  +     (gloves unavailable)
SustAt .         Harm     .     (boots unavailable)
MR     .....                    Y - +4 amulet of reflection
Stlth  +.........               V - ring of see invisible
                                h - +3 ring of protection

@: not resistant to hostile enchantments, very unstealthy
A: unfitting armour, claws 3, fast metabolism 3, gourmand, regeneration 2,
shaggy fur 1, tough skin 2
a: Minor Destruction, Lesser Servant of Makhleb, Major Destruction, Greater
Servant of Makhleb, Renounce Religion


You were on level 13 of the Dungeon.
You worshipped Makhleb.
Makhleb was exalted by your worship.
You were very full.

You visited 4 branches of the dungeon, and saw 17 of its levels.

You collected 1747 gold pieces.
You spent 958 gold pieces at shops.

Inventory:

Missiles
 l - 8 large rocks (quivered)
Armour
 g - a +3 troll leather armour (worn)
 W - a +1 cloak (worn)
Jewellery
 h - a +3 ring of protection (left claw)
 w - a +3 ring of protection
 y - an uncursed ring of teleportation
 L - an uncursed amulet of rage
 V - a ring of see invisible (right claw)
 Y - a +4 amulet of reflection (around neck)
Wands
 i - a wand of disintegration (17/24)
 m - a wand of cold (7/15)
 u - a wand of random effects (17/48)
Scrolls
 e - 8 scrolls of identify
 j - 4 scrolls of noise {unknown}
 k - 2 scrolls of vulnerability {unknown}
 q - a scroll of magic mapping
 r - 4 scrolls of teleportation
 s - a scroll of holy word
 t - 2 scrolls of enchant weapon {unknown}
 x - 4 scrolls of remove curse
 z - a scroll of recharging
 O - 2 scrolls of fear {unknown}
Potions
 d - 2 potions of resistance
 f - 5 potions of heal wounds
 o - 3 potions of agility
 p - 2 potions of might
 v - 8 potions of curing
 A - 2 potions of flight
 D - a potion of lignification {unknown}
Miscellaneous
 C - a stone of tremors
Comestibles
 a - 14 chunks of flesh
 b - 13 bread rations
 c - a beef jerky
 n - 3 slices of pizza
 B - a royal jelly
 E - 2 meat rations


   Skills:
 + Level 9.0 Fighting
 + Level 1.1 Throwing
 + Level 3.8 Armour
 + Level 10.5 Dodging
 - Level 1.1 Stealth
 + Level 13.0 Unarmed Combat
 * Level 8.9 Invocations


You had 12 spell levels left.
You didn't know any spells.

Dungeon Overview and Level Annotations

Branches:
Dungeon (13/15)            Temple (1/1) D:6            Lair (1/8) D:9
    Orc (2/2) D:10            Elf (0/3) Orc:2        Vaults (0/5) D:13

Altars:
Ashenzari
Dithmenos
Elyvilon
Fedhas
Kikubaaqudgha
Makhleb
Nemelex Xobeh
Okawaru
Pakellas
Qazlal
Ru
Sif Muna
Trog
Vehumet
Xom
Yredelemnul
Zin
The Shining One
Beogh

Shops:
D:8 [   D:10 !   Orc:1 !   Orc:2 ?%[}[


Innate Abilities, Weirdness & Mutations

You are too large for most types of armour.
You have claws for hands.
Your metabolism is lightning-fast.
You like to eat raw meat.
You heal very quickly.
You are covered in fur (AC +1).
You have very tough skin (AC +2).


Message History

The necromancer hits you but does no damage.
Unknown command.
Drink which item? (? for menu, Esc to quit)
You feel much better. You block the yaktaur's attack.
The human hits you but does no damage.
The vault guard hits you with a great sword!
* * * LOW HITPOINT WARNING * * *
The necromancer gestures wildly while chanting.
The necromancer flickers and vanishes for a moment.
You closely miss the necromancer.
The yaktaur hits you but does no damage.
The human barely misses you. The human hits you but does no damage.
You claw the necromancer!
The necromancer is heavily wounded.
The vault guard hits you with a great sword!
* * * LOW HITPOINT WARNING * * *
The necromancer barely misses you. The yaktaur hits you!
* * * LOW HITPOINT WARNING * * *
The human hits you!
You die...

#...#.... #...#.... #############
#...#.... #(....#...[.# #...#....
#..#[....'.....# #...#....
....#..#..⌠..'..⌠..# #...#.(..
....#..#.....')....# #..)'(...
#.. ..#.....#).p..#. #..)#....
###..##.##'''###@c'##.###...####.
........#.....#ppp..#..........#.
........'.....#.....#..........+.
........'..⌠..#..∩..#..........#.
######))†.....#?...(#.##......##.
..#####.#....(#?(.$?#.##......#..
..#.....#############.........#..
..#...........................+..
..#.............##............#>.


You could see a vault guard, a yaktaur, a necromancer (invisible) and 2 humans.

Vanquished Creatures
  A vault guard (D:13)
  A hydra (Lair:1)
  The ghost of nublet the Fighter, a novice OgAK of Lugonu (D:9)
  An orc high priest (Orc:1)
  A wizard (D:13)
  An unseen horror (Orc:1)
  A hill giant (D:12)
  5 orc knights
  2 necromancers (D:13)
  A wolf spider zombie (D:12)
  An ugly thing (D:8)
  2 cyclopes
  A deep elf mage (D:10)
  A centaur zombie (D:10)
  Maurice (D:8)
  2 spiny frogs
  2 centaur skeletons (D:10)
  A komodo dragon (D:13)
  5 trolls
  A two-headed ogre (D:8)
  Grinder (D:6)
  4 slime creatures (D:12)
  2 wraiths
  2 wyverns
  16 yaks
  Eustachio (D:6)
  15 humans (D:13)
  A steam dragon (D:12)
  A hungry ghost (D:12)
  A basilisk (D:12)
  3 mottled dragons
  2 wargs (Orc:1)
  A hippogriff (D:9)
  40 orc warriors
  2 sky beasts
  8 ice beasts
  A wasp (D:10)
  14 ogres
  3 phantoms
  18 centaurs
  A crocodile (Lair:1)
  4 eyes of draining
  2 big kobolds
  9 giant frogs
  A gnoll sergeant (D:9)
  A water moccasin zombie (D:9)
  A wyvern skeleton (D:13)
  3 scorpions
  14 killer bees
  5 wights
  2 jellies
  2 giant frog zombies
  Crazy Yiuf (D:4)
  4 crimson imps
  4 iguanas
  19 orc priests
  6 hounds
  4 giant frog skeletons
  25 orc wizards
  11 worker ants
  2 sheep (Orc:2)
  2 hound skeletons
  15 adders
  5 gnolls
  2 shadow imps
  An ooze (D:4)
  2 adder zombies
  2 worms
  2 adder skeletons
  6 giant geckos
  83 orcs
  9 bats
  8 giant cockroaches
  9 hobgoblins
  19 jackals
  12 kobolds
  2 ball pythons
  A giant gecko skeleton (D:6)
  3 giant newts
  11 goblins
  A jackal skeleton (D:4)
  4 quokkas
  A quokka skeleton (D:5)
  7 rats
496 creatures vanquished.

Vanquished Creatures (others)
  An orc (Orc:2)
1 creature vanquished.

Grand Total: 497 creatures vanquished

Notes
Turn   | Place    | Note
--------------------------------------------------------------
     0 | D:1      | st0uf the Troll Monk began the quest for the Orb.
     0 | D:1      | Reached XP level 1. HP: 22/22 MP: 0/0
   220 | D:2      | Reached XP level 2. HP: 27/29 MP: 1/1
   315 | D:3      | Reached XP level 3. HP: 31/36 MP: 2/2
   427 | D:3      | Reached skill level 5 in Unarmed Combat
   427 | D:3      | Reached XP level 4. HP: 42/44 MP: 3/3
   574 | D:5      | Entered Level 5 of the Dungeon
   698 | D:5      | Noticed a sky beast
   795 | D:5      | Reached XP level 5. HP: 53/53 MP: 4/4
   968 | D:5      | Found a deep blue altar of Sif Muna.
  1279 | D:5      | Reached skill level 6 in Unarmed Combat
  1279 | D:5      | Reached XP level 6. HP: 49/61 MP: 5/5
  1331 | D:6      | Noticed Grinder
  1392 | D:5      | Found a shadowy altar of Dithmenos.
  1392 | D:5      | Found a white marble altar of Elyvilon.
  1392 | D:5      | Found a basalt altar of Yredelemnul.
  1395 | D:5      | Found a glowing silver altar of Zin.
  1410 | D:6      | Found an oddly glowing altar of Pakellas.
  1500 | D:6      | Noticed Eustachio
  1525 | D:6      | Killed Eustachio
  1525 | D:6      | Reached XP level 7. HP: 23/68 MP: 6/6
  1646 | D:6      | Found an iron altar of Okawaru.
  1759 | D:6      | Found a staircase to the Ecumenical Temple.
  1768 | Temple   | Entered the Ecumenical Temple
  1787 | Temple   | Became a worshipper of Makhleb the Destroyer
  1787 | Temple   | Reached * piety under Makhleb
  1787 | Temple   | Reached ** piety under Makhleb
  1807 | D:6      | Reached skill level 7 in Unarmed Combat
  1947 | D:6      | Paralysed by Grinder for 4 turns
  1953 | D:6      | Killed Grinder
  1953 | D:6      | Reached skill level 1 in Invocations
  1973 | D:6      | Reached XP level 8. HP: 74/78 MP: 6/8
  2065 | D:6      | Reached skill level 5 in Dodging
  2096 | D:6      | Noticed a troll
  2354 | D:4      | Found a glowing golden altar of the Shining One.
  2548 | D:4      | Noticed Crazy Yiuf
  2550 | D:4      | Killed Crazy Yiuf
  2592 | D:4      | Got a transparent copper ring
  2597 | D:4      | Identified the ring of the Evil One {rC+ Int+3} (You found it on level 4 of the Dungeon)
  2658 | D:3      | Found a bloodstained altar of Trog.
  2669 | D:3      | Reached skill level 8 in Unarmed Combat
  2817 | D:3      | Reached *** piety under Makhleb
  4086 | D:1      | Reached **** piety under Makhleb
  4548 | D:7      | Reached skill level 5 in Fighting
  4610 | D:7      | Reached XP level 9. HP: 84/88 MP: 10/10
  5088 | D:7      | Reached skill level 9 in Unarmed Combat
  5464 | D:8      | Noticed a purple ugly thing
  5485 | D:8      | Killed a purple ugly thing
  5644 | D:8      | Reached ***** piety under Makhleb
  5784 | D:8      | Reached XP level 10. HP: 89/98 MP: 12/12
  5815 | D:8      | Noticed Maurice
  5870 | D:8      | Found Ynnueset's Antique Armour Boutique.
  6092 | D:8      | Killed Maurice
  6092 | D:8      | Reached skill level 5 in Invocations
  6196 | D:9      | Reached skill level 10 in Unarmed Combat
  6539 | D:9      | Found a staircase to the Lair.
  6656 | D:9      | Noticed nublet's ghost (novice OgAK)
  6847 | D:9      | Killed nublet's ghost
  7591 | D:9      | Noticed a cyclops
  7603 | D:9      | Killed a cyclops
  7738 | Lair:1   | Entered Level 1 of the Lair of Beasts
  7745 | Lair:1   | Reached XP level 11. HP: 71/107 MP: 14/14
  7899 | Lair:1   | Noticed an eight-headed hydra
  7919 | Lair:1   | Killed an 11-headed hydra
  7919 | Lair:1   | Reached skill level 1 in Throwing
  7919 | Lair:1   | Reached skill level 11 in Unarmed Combat
  8002 | Lair:1   | Reached skill level 1 in Armour
  8203 | D:10     | Entered Level 10 of the Dungeon
  8474 | D:10     | Found Bixtotep's Distillery.
  8600 | D:10     | Found an ancient bone altar of Kikubaaqudgha.
  8736 | D:10     | Reached ****** piety under Makhleb
  8793 | D:10     | Found a staircase to the Orcish Mines.
  8805 | Orc:1    | Entered Level 1 of the Orcish Mines
  8841 | Orc:1    | Found Zot Apnu's Distillery.
  8861 | Orc:1    | Noticed an unseen horror
  8875 | Orc:1    | Killed an unseen horror
  9108 | Orc:1    | Noticed an orc high priest
  9121 | Orc:1    | Noticed a sun demon
  9123 | Orc:1    | Killed an orc high priest
  9209 | Orc:1    | Found a roughly hewn altar of Beogh.
  9392 | Orc:2    | Entered Level 2 of the Orcish Mines
  9394 | Orc:2    | Reached XP level 12. HP: 119/119 MP: 16/16
  9427 | Orc:2    | Found a staircase to the Elven Halls.
 10238 | Orc:2    | Found Meubbe Hytso's Antique Armour Shop.
 10238 | Orc:2    | Found Muguegam's Gadget Shoppe.
 10240 | Orc:2    | Found Imynist's Armour Emporium.
 10242 | Orc:2    | Found Innumnez's Food Boutique.
 10263 | Orc:2    | Reached skill level 12 in Unarmed Combat
 10415 | Orc:2    | Found Yhiel's Magic Scroll Boutique.
 10632 | Orc:2    | Bought a scroll of identify for 28 gold pieces
 10632 | Orc:2    | Bought a scroll of identify for 28 gold pieces
 10632 | Orc:2    | Bought a scroll of enchant armour for 105 gold pieces
 10632 | Orc:2    | Bought a scroll of identify for 28 gold pieces
 10632 | Orc:2    | Bought a scroll of magic mapping for 49 gold pieces
 10632 | Orc:2    | Bought a scroll of holy word for 105 gold pieces
 10632 | Orc:2    | Bought a scroll of enchant armour for 105 gold pieces
 10632 | Orc:2    | Bought a scroll of enchant armour for 105 gold pieces
 10933 | Orc:1    | Bought a potion of curing for 45 gold pieces
 10933 | Orc:1    | Bought a potion of heal wounds for 75 gold pieces
 10933 | Orc:1    | Bought a potion of might for 60 gold pieces
 10933 | Orc:1    | Bought a potion of heal wounds for 75 gold pieces
 10933 | Orc:1    | Bought 2 potions of heal wounds for 150 gold pieces
 11304 | D:11     | Noticed an eight-headed hydra
 11368 | D:12     | Reached skill level 10 in Dodging
 12094 | D:12     | Reached XP level 13. HP: 128/128 MP: 18/18
 12444 | D:13     | Reached skill level 13 in Unarmed Combat
 12485 | D:13     | Found a gate to the Vaults.
 12506 | D:13     | HP: 4/131 [yaktaur (9)]
 12506 | D:13     | Slain by a human

Vault maps used:
D:1:      saegor_arrival_simple_f
D:2:      serial_bayou_lake_a
D:3:      trog_eyes_of_draining, kennysheep_generic_room_10
D:4:      tso_metal_star, uniq_crazy_yiuf_cottage
D:5:      nicolae_overflow_hidden_temple, first_bread, serial_corexii_hall,
          corexii_hall_statues_l, corexii_hall_statues_x,
          corexii_hall_statues_s, corexii_hall_statues_s
D:6:      okawaru_metal_pillars_1_2, grunt_pakellas_salt, uniq_eustachio,
          uniq_grinder
D:7:      grunt_ogre_cave
D:8:      serial_shops, nicolae_shop_trees, st_stairs_13, uniq_maurice
D:9:      minmay_quarter_circles
D:10:     david_orc_4, serial_shops, shop_statue, tgw_kikubaaqudgha
D:11:     basic_altar, uniq_grum, uniq_nergalle
D:13:     grunt_vaults_entry_tiered, cheibriados_altar_1
Temple:   circular_temple_12
Lair:1:   serial_bayou_shore_b
Orc:1:    serial_shops, nicolae_shop_statue_plus, mines1_david
Orc:2:    st_orc_rangers, serial_shops, nicolae_shop_trees

Action                   |  1- 3 |  4- 6 |  7- 9 | 10-12 | 13-15 || total
-------------------------+-------+-------+-------+-------+-------++-------
Melee: Unarmed           |    40 |   101 |   425 |  1021 |   144 ||  1731
Throw: Javelin           |       |       |       |     7 |       ||     7
       Large rock        |       |       |       |    10 |       ||    10
Invok: Greater Servant o |       |       |       |     1 |       ||     1
 Abil: Evoke Berserk Rag |       |       |       |     1 |       ||     1
  Use: Scroll            |       |       |     6 |    15 |       ||    21
       Potion            |       |       |       |       |     1 ||     1
 Stab: Sleeping          |     1 |     1 |     5 |       |       ||     7
  Eat: Chunk             |     9 |     8 |    42 |    59 |    10 ||   128
